 Dungeon Crawl Stone Soup version 0.31.0-11-ge490571c62 (webtiles) character file.

Game seed: 8285504532245098112

107 qw the Skirmisher (level 4, -1/25 HPs)
             Began as a Deep Elf Hunter on Feb 4, 2024.
             Slain by Natasha (3 damage)
             ... on level 3 of the Dungeon.
             The game lasted 00:00:05 (1140 turns).

qw the Skirmisher (Deep Elf Hunter)                 Turns: 1140, Time: 00:00:06

Health: -1/25      AC:  5    Str: 10    XL:     4   Next: 56%
Magic:  6/6        EV: 11    Int: 14    God:
Gold:   80         SH:  0    Dex: 18    Spells: 3/3 levels left

rFire   . . .        a - +0 shortbow
rCold   . . .        (shield currently unavailable)
rNeg    . . .        f - +0 ring mail
rPois   .            (no helmet)
rElec   .            (no cloak)
rCorr   .            (no gloves)
SInv    .            (no boots)
Will    .....        (no amulet)
Stlth   +            (no ring)
HPRegen 0.24/turn    (no ring)
MPRegen 0.10/turn

%: no passive effects
@: no status effects
A: no striking features
a: no special abilities


You were on level 3 of the Dungeon.
You visited 1 branch of the dungeon, and saw 3 of its levels.

You collected 80 gold pieces.


   Skills:
 - Level 1.5 Fighting
 + Level 8.0 Ranged Weapons
 - Level 2.4 Dodging
 - Level 1.2 Stealth


You had 3 spell levels left.
You didn't know any spells.
Your spell library was empty.

Inventory:

Hand Weapons
 a - a +0 shortbow (weapon)
Armour
 f - a +0 ring mail (worn)
Scrolls
 i - a scroll of identify {unknown}
Potions
 b - 2 potions of brilliance {unknown}
 c - a potion of invisibility {unknown}
 d - a potion of lignification {unknown}
 e - a potion of ambrosia {unknown}
 g - a potion of haste {unknown}
 h - a potion of attraction {unknown}

Dungeon Overview and Level Annotations

Branches:
Dungeon (3/15)

Altars:
Qazlal

Shops:
D:2 =

Annotations:
D:3 Natasha


Message History

Natasha howls an incantation.
You feel troubled. The hobgoblin closely misses you.
You shoot an arrow. The arrow closely misses the hobgoblin.
The arrow hits the cerulean imp.
The cerulean imp is lightly wounded.
The cerulean imp barely misses you. The hobgoblin hits you.
You shoot an arrow.
The arrow hits the hobgoblin but does no damage.
The cerulean imp misses you. The hobgoblin hits you.
The cerulean imp hits you from afar with a +2 spear.
You shoot an arrow. The arrow hits the hobgoblin!
You kill the hobgoblin!
Natasha howls an incantation.
Natasha's front paws start to glow.
The cerulean imp barely misses you.
You shoot an arrow.
The arrow closely misses the cerulean imp.
The arrow hits Natasha but does no damage.
The cerulean imp hits you from afar with a +2 spear.
You shoot an arrow.
The arrow closely misses the cerulean imp.
The arrow closely misses Natasha.
The cerulean imp disappears in a puff of smoke!
You shoot an arrow. The arrow barely misses Natasha.
Natasha wildly gestures.
Natasha's front paws start to glow.
Natasha claws you.
You shoot an arrow. The arrow hits Natasha!
Natasha is heavily wounded.
Natasha misses you.
You shoot an arrow.
The arrow hits Natasha but does no damage.
Natasha is moderately wounded.
Natasha casts a spell.
You shoot an arrow. The arrow hits Natasha!
Natasha is almost dead.
Natasha claws you.
You die...
Natasha begins licking her fur clean.

. . ######. ###
#.....#
####.#######.....#
#.)..............#
#@##.######......#
#h#### #......#
#5# #.##...# #)#
#.###..# #)#
#.###..# #)#
###......# #.#
#####......... ...
#.....#.#..<..
#.....#.#.....


You could see Natasha and a cerulean imp (summoned).

Vanquished Creatures
  Robin (D:3)
  3 adders (D:2)
  A ribbon worm (D:2)
  6 ball pythons
  5 endoplasms
  A giant cockroach (D:1)
  10 hobgoblins
  4 kobolds (D:1)
  3 quokkas
  5 bats
  5 frilled lizards
  14 goblins
  2 rats (D:1)
60 creatures vanquished.

Notes
Turn   | Place    | Note
-------+----------+-------------------------------------------
     0 | D:1      | qw the Deep Elf Hunter began the quest for the Orb.
     0 | D:1      | Reached XP level 1. HP: 12/12 MP: 3/3
     0 | D:1      | 0 ||| qw: Version: 0.3-a-160-g6735b56
     0 | D:1      | 0 ||| qw: Game counter: 4499
     0 | D:1      | 0 ||| qw: Melee chars always use a shield: true
     0 | D:1      | 0 ||| qw: God list: Okawaru
     0 | D:1      | 0 ||| qw: Allow faded altars: false
     0 | D:1      | 0 ||| qw: Do Orc after clearing Dungeon:15 true
     0 | D:1      | 0 ||| qw: Do second Lair branch before Depths: true
     0 | D:1      | 0 ||| qw: Lair rune preference: random
     0 | D:1      | 0 ||| qw: Goals: Normal
     0 | D:1      | 0 ||| PLANNING D:1-11
    72 | D:1      | Reached XP level 2. HP: 16/16 MP: 4/4
    76 | D:1      | Reached skill level 6 in Ranged Weapons
   259 | D:1      | Reached XP level 3. HP: 18/20 MP: 5/5
   407 | D:1      | 407 ||| UPGRADING to +0 ring mail.
   417 | D:1      | 417 ||| DROPPING +0 leather armour.
   418 | D:1      | 418 ||| DROPPING scroll of butterflies.
   498 | D:2      | Reached skill level 7 in Ranged Weapons
   577 | D:2      | Found Sedeg's Jewellery Shoppe.
   586 | D:2      | 586 ||| SHOPLISTING +5 ring of evasion (396 gold, have 51).
   586 | D:2      | 586 ||| SHOPLISTING amulet "Sucehog" {RegenMP ^Fragile
                  | rPois rC+ SInv} (514 gold, have 51).
   586 | D:2      | 586 ||| SHOPLISTING amulet of regeneration (330 gold, have
                  | 51).
   586 | D:2      | 586 ||| SHOPLISTING amulet of the acrobat (330 gold, have
                  | 51).
   586 | D:2      | 586 ||| SHOPLISTING ring of Understanding {^Contam Fly rN+
                  | rCorr Str+2} (361 gold, have 51).
   586 | D:2      | 586 ||| SHOPLISTING ring of fire (275 gold, have 51).
   586 | D:2      | 586 ||| SHOPLISTING ring of poison resistance (220 gold,
                  | have 51).
   586 | D:2      | 586 ||| SHOPLISTING ring of positive energy (220 gold, have
                  | 51).
   586 | D:2      | 586 ||| SHOPLISTING ring of protection from fire (275 gold,
                  | have 51).
   739 | D:2      | Reached XP level 4. HP: 25/25 MP: 6/6
   917 | D:2      | 917 ||| READING scroll labelled NUISIREAXU.
   975 | D:3      | Found a stormy altar of Qazlal.
  1112 | D:3      | Noticed Robin
  1123 | D:3      | Killed Robin
  1124 | D:3      | Noticed Natasha
  1131 | D:3      | Reached skill level 8 in Ranged Weapons
  1135 | D:3      | HP: 5/25 [cerulean imp/+2 spear[Natasha] (2)]
  1137 | D:3      | HP: 1/25 [Natasha (5)]
  1140 | D:3      | Slain by Natasha

Levels and vault maps discovered:
D:1:      shiori_arrival_oz, layout_rooms
D:2:      layout_rooms, serial_shops, nicolae_square_shop,
          kennysheep_generic_room_14
D:3:      layout_loops_cross, mainiacjoe_overflow_catwalk, uniq_natasha,
          uniq_robin

Skill      XL: |  1  2  3  4 |
---------------+-------------+-----
Ranged Weapons | 6 7 8 |  8.0
Fighting       | |  1.5
Dodging        | |  2.4
Stealth        | |  1.2

Action                     |  1- 3 |  4- 6 || total
---------------------------+-------+-------++-------
   Fire: Shortbow          |   125 |    45 ||   170
    Use: Scroll            |       |     1 ||     1
 Armour: Leather armour    |     3 |       ||     3
         Ring mail         |    16 |    21 ||    37
  Dodge: Dodged            |    21 |    10 ||    31

Table legend:
 A = Non-vault XP
 B = Vault XP
 C = Vault XP percentage of total XP
 D = Non-vault monster count
 E = Vault monster count
 F = Vault count percentage of total count
                 A         B        C        D         E       F
            +---------+---------+-------+---------+---------+-------
      Total |     116 |      37 |  24.2 |      46 |      14 |  23.3
            +---------+---------+-------+---------+---------+-------
        D:1 |      45 |       3 |   6.2 |      26 |       2 |   7.1
        D:2 |      70 |       1 |   1.4 |      19 |       1 |   5.0
        D:3 |       1 |      33 |  97.1 |       1 |      11 |  91.7
            +---------+---------+-------+---------+---------+-------
